 Dungeon Crawl Stone Soup version 0.20.1-1-g8b1a95d (webtiles) character file.

266 Internecine the Skirmisher (level 6, -6/56 HPs)
             Began as a Draconian Wanderer on Oct 3, 2017.
             Killed by divine providence
             ... invoked by an orc priest
              (9 damage)
             ... on level 3 of the Dungeon.
             The game lasted 00:18:45 (2677 turns).

Internecine the Skirmisher (Draconian Wanderer)     Turns: 2677, Time: 00:18:46

Health: -6/56      AC:  7    Str: 13    XL:     6   Next: 0%
Magic:  6/6        EV: 11    Int: 13    God:
Gold:   126        SH:  3    Dex: 13    Spells: 5/5 levels left

rFire    . . .     SeeInvis .   a - +2 mace
rCold    . . .     Gourm    .   A - +0 buckler
rNeg     . . .     Faith    .   (armour unavailable)
rPois    .         Spirit   .   (helmet restricted)
rElec    .         Reflect  .   (no cloak)
rCorr    .         Harm     +   f - +0 pair of gloves
MR       +....                  (no boots)
Stlth    ++........             r - amulet of harm
Regen    0.2/turn               x - ring of protection from magic
MPRegen  0.1/turn               (no ring)

@: no status effects
A: unfitting armour, cold-blooded, AC +6
a: no special abilities


You were on level 3 of the Dungeon.
You were not hungry.

You visited 1 branch of the dungeon, and saw 3 of its levels.

You collected 126 gold pieces.

Inventory:

Hand Weapons
 a - a +2 mace (weapon)
 e - a +0 hunting sling
 n - a +1 antimagic whip
 s - a +0 hunting sling
Missiles
 h - 105 stones (quivered)
 z - 7 sling bullets
Armour
 f - a +0 pair of gloves (worn)
 A - a +0 buckler (worn)
Jewellery
 r - an amulet of harm (around neck)
 x - a ring of protection from magic (left hand)
Wands
 y - a wand of random effects (12/48)
Scrolls
 c - 2 scrolls of teleportation
 g - a scroll of enchant armour {unknown}
 k - 3 scrolls of remove curse {unknown}
 l - 2 scrolls of immolation {unknown}
 t - 3 scrolls of identify {unknown}
 v - a scroll of magic mapping {unknown}
 w - a scroll of enchant weapon {unknown}
Potions
 i - a potion of berserk rage {unknown}
 j - a potion of resistance {unknown}
 m - a potion of haste {unknown}
 q - 2 potions of heal wounds {unknown}
 u - 2 potions of flight {unknown}
Books
 b - Sif Muna's Reference Book on Creation

   Spells                             Type                      Level
   a - Summon Small Mammal            Summoning                    1
   b - Call Canine Familiar           Summoning                    3
Comestibles
 d - 2 bread rations
 o - 4 chunks of flesh
 p - a meat ration


   Skills:
 + Level 5.2 Fighting
 + Level 4.0 Maces & Flails
 + Level 1.5(1.8) Slings
 + Level 1.0(1.5) Throwing
 + Level 1.0 Dodging
 + Level 1.3 Stealth
   Level 2.0 Fire Magic
   Level 1.0 Air Magic
 + Level 1.0 Evocations


You had 5 spell levels left.
You didn't know any spells.

Dungeon Overview and Level Annotations

Branches:
Dungeon (3/15)

Altars:
Makhleb
Vehumet


Innate Abilities, Weirdness & Mutations

Your plain brown scales are hard. (AC +6)
You cannot fit into any form of body armour.
You are cold-blooded and may be slowed by cold attacks.


Message History

The orc priest is moderately wounded.
The orc priest hits you with a falchion.
You hit the orc priest.
The orc priest is almost dead.
The orc priest completely misses you.
You hit the orc priest.
The orc priest is almost dead.
The orc priest calls down the wrath of Beogh upon you.
You resist with some effort.
You barely miss the orc priest.
The orc priest is almost dead.
The orc priest invokes the aid of Beogh against you.
Beogh smites you!
* * * LOW HITPOINT WARNING * * *
You barely miss the orc priest.
The orc priest is almost dead.
The orc priest looks encouraged for a moment.
The orc priest invokes the aid of Beogh against you.
Beogh smites you!
You die...

####### #.....#
#######.###.####
#.....#.#......##
#.###.#.#.#.##...
#.###...........#
##.#.......#####.#
#@...####...# #.#
..((((o)...#
#.###......
...####...###.#
#..#.# ##.##...
....# #.##.# .#.#
#.##.# ##...#.#
#....#.# #.. #.# #


You could see an orc priest.

Vanquished Creatures
  An orc priest (D:3)
  An orc wizard (D:3)
  Jessica (D:2)
  3 gnolls (D:2)
  5 adders
  7 worms
  A dart slug (D:1)
  A leopard gecko (D:3)
  10 orcs (D:3)
  A ball python (D:2)
  4 bats
  4 giant cockroaches
  5 goblins
  7 hobgoblins
  3 jackals (D:2)
  9 kobolds
  4 quokkas
  6 frilled lizards
  7 rats
80 creatures vanquished.

Notes
Turn   | Place    | Note
-------+----------+-------------------------------------------
     0 | D:1      | Internecine the Draconian Wanderer began the quest for the Orb.
     0 | D:1      | Internecine set off with: a +2 mace, Sif Muna's Reference Book on Creation, a scroll of teleportation, a bread ration
     0 | D:1      | Reached XP level 1. HP: 19/19 MP: 1/1
   304 | D:1      | Reached XP level 2. HP: 24/27 MP: 2/2
   567 | D:1      | Reached skill level 4 in Fighting
   901 | D:2      | Reached XP level 3. HP: 33/33 MP: 3/3
  1221 | D:2      | Reached XP level 4. HP: 30/41 MP: 4/4
  1290 | D:2      | Found a radiant altar of Vehumet.
  1487 | D:2      | Reached skill level 1 in Slings
  1714 | D:2      | Noticed Jessica
  1721 | D:2      | Killed Jessica
  1823 | D:2      | Found a burning altar of Makhleb.
  2027 | D:2      | Reached XP level 5. HP: 47/47 MP: 5/5
  2130 | D:3      | Reached skill level 5 in Fighting
  2130 | D:3      | Reached skill level 1 in Stealth
  2650 | D:3      | Reached skill level 1 in Dodging
  2671 | D:3      | Reached XP level 6. HP: 21/56 MP: 6/6
  2677 | D:3      | Killed from afar by an orc priest

Skill      XL: |  1  2  3  4  5 |
---------------+----------------+-----
Fighting       | 4 5 |  5.2
Maces & Flails | 3 4 |  4.0
Slings         | 1 |  1.5
Stealth        | 1 |  1.3
Dodging        | 1 |  1.0
Throwing       | |  1.0
Fire Magic     | |  2.0
Air Magic      | |  1.0
Evocations     | |  1.0

Action                   |  1- 3 |  4- 6 || total
-------------------------+-------+-------++-------
Melee: Mace              |    75 |   139 ||   214
       Tailslap          |     4 |    16 ||    20
 Fire: Hunting sling     |    12 |    28 ||    40
Throw: Stone             |     1 |     7 ||     8
 Stab: Sleeping          |     1 |     1 ||     2
  Eat: Chunk             |     1 |     5 ||     6
Armor: Skin              |    35 |    41 ||    76
Dodge: Dodged            |    40 |    87 ||   127
Block: Buckler           |       |     6 ||     6
